 Dungeon Crawl Stone Soup version 0.19-b1-5-gdc9fa9d (webtiles) character file.

49 Dustbunny the Chiller (level 4, -14/30 HPs)
             Began as a Human Ice Elementalist on Oct 31, 2016.
             Killed from afar by a giant cockroach (43 damage)
             ... with an exploding inner flame
             ... hexed by the player character
             ... on level 2 of the Dungeon.
             The game lasted 00:10:01 (2717 turns).

Dustbunny the Chiller (Human Ice Elementalist)      Turns: 2717, Time: 00:10:02

Health: -14/30     AC:  3    Str:  9    XL:     4   Next: 2%
Magic:  7/7        EV: 11    Int: 16    God:
Gold:   72         SH:  0    Dex: 13    Spells: 1 memorised, 7 levels left

rFire  . . .     SeeInvis .     h - +0 dagger
rCold  . . .     Gourm    .     s - +0 leather armour {MR+}
rNeg   . . .     Faith    .     (no shield)
rPois  .         Spirit   .     (no helmet)
rElec  .         Reflect  .     (no cloak)
rCorr  .         Harm     .     (no gloves)
MR     +....                    (no boots)
Stlth  +.........               (no amulet)
                                (no ring)
                                (no ring)

@: heavily drained
A: no striking features
a: no special abilities


You were on level 2 of the Dungeon.
You were not hungry.

You visited 1 branch of the dungeon, and saw 2 of its levels.

You collected 72 gold pieces.

Inventory:

Hand Weapons
 h - a +0 dagger (weapon)
 n - a +0 club
Missiles
 i - 79 stones (quivered)
Armour
 a - a +0 robe
 r - a +0 robe
 s - a +0 leather armour of magic resistance (worn)
Jewellery
 f - an uncursed amulet of harm
Scrolls
 e - a scroll of random uselessness
 j - 2 scrolls of remove curse
 k - 3 scrolls of identify
 l - a scroll of immolation
Potions
 g - a potion of haste
 m - a potion of berserk rage {unknown}
 o - a potion of experience {unknown}
 p - a potion of might {unknown}
 q - 2 potions of curing {unknown}
Books
 b - a book of Frost

   Spells                             Type                      Level
   a - Freeze                         Ice                          1
   b - Throw Frost                    Conjuration/Ice              2
   c - Ozocubu's Armour               Charms/Ice                   3
   d - Throw Icicle                   Conjuration/Ice              4
   e - Summon Ice Beast               Ice/Summoning                4
Comestibles
 c - 2 bread rations
 t - a beef jerky


   Skills:
 + Level 0.2(0.0) Maces & Flails
 + Level 2.1(0.5) Dodging
 + Level 2.5(0.9) Stealth
 + Level 0.6(0.0) Unarmed Combat
 + Level 2.5(0.8) Spellcasting
   Level 1.0(0.0) Conjurations
 + Level 3.6(1.9) Ice Magic


You had 7 spell levels left.
You knew the following spells:

 Your Spells              Type           Power        Failure   Level  Hunger
a - Freeze                Ice            #...         17%         1    ##.....


Dungeon Overview and Level Annotations

Branches:
Dungeon (2/15)

Altars:


Message History

The giant cockroach is heavily wounded.
The giant cockroach misses you.
You hit the giant cockroach.
The giant cockroach is severely wounded.
The giant cockroach barely misses you.
The giant cockroach bites you but does no damage.
You hit the giant cockroach.
The giant cockroach is almost dead.
The giant cockroach closely misses you.
You hit the giant cockroach but do no damage.
The giant cockroach is almost dead.
The giant cockroach completely misses you.
You completely miss the giant cockroach.
The giant cockroach is severely wounded.
The giant cockroach bites you.
You hit the giant cockroach.
The giant cockroach explodes!
The fiery explosion engulfs you!
Ouch! That really hurt!
You die...

,,,,,,,,,**,*,******,,,,,,,,,,***
,,,,,,,*,**,*>,,,,,,,,,,,,,,,,,*
*,,,,*,*,,,,*,******,,,,,......#
*,,,,*,*,,,**,* *,,,,,......##
*,,,,*,*,,,,,,* *,,,,,........
*,,,,*,*,,,***** *,,,,,,,......
*,,,,*,*,,,,,,,* *,,,,,,,,.....
*,,,,*,*******,###############...
*,,,<*,,,,,*,,,#@†...............
*,,,####**.#,*,#§§...............
*,,,,...*#.#,**#.§............##.
*,,,,#..,..#,* #..............##.
,,,,,#..#..#,* #..............##.
,,,,,,.....*,* #..............##.
,...###...,,,* #..............##.
,........#,*** #..............###
,..#####.#######..............# #


There were no monsters in sight!

Vanquished Creatures
  An ooze (D:1)
  2 dart slugs (D:1)
  2 leopard geckos (D:1)
  2 giant cockroaches (D:1)
  8 goblins
  2 hobgoblins (D:1)
  6 jackals
  2 kobolds
  6 bats
  2 frilled lizards
  3 rats
36 creatures vanquished.

Notes
Turn   | Place    | Note
-------+----------+-------------------------------------------
     0 | D:1      | Dustbunny the Human Ice Elementalist began the quest for the Orb.
     0 | D:1      | Reached XP level 1. HP: 13/13 MP: 3/3
   178 | D:1      | Reached XP level 2. HP: 16/19 MP: 0/5
   855 | D:1      | Reached XP level 3. HP: 22/24 MP: 6/6
  2422 | D:2      | Reached XP level 4. HP: 25/30 MP: 5/7
  2717 | D:2      | Killed from afar by a giant cockroach

Action                   |  1- 3 |  4- 6 || total
-------------------------+-------+-------++-------
Melee: Unarmed           |    11 |       ||    11
       Club              |    60 |       ||    60
       Dagger            |       |    10 ||    10
Throw: Stone             |     3 |       ||     3
 Cast: Freeze            |    31 |       ||    31
  Use: Scroll            |       |     6 ||     6
 Stab: Sleeping          |     1 |       ||     1
  Eat: Fruit             |     2 |       ||     2
       Meat ration       |     1 |       ||     1
Armor: Robe              |    22 |       ||    22
       Leather armour    |       |     2 ||     2
Dodge: Dodged            |    82 |     6 ||    88
